 Dungeon Crawl Stone Soup version 0.29.1-4-g47bece8355 (webtiles) character file.

Game seed: 1393488607506091165

95 Gremour the Slasher (level 4, -2/33 HPs)
             Began as a Demonspawn Gladiator on Dec 2, 2022.
             Slain by a gnoll
             ... wielding a +0 spear
              (5 damage)
             ... on level 2 of the Dungeon.
             The game lasted 00:13:24 (1905 turns).

Gremour the Slasher (Demonspawn Gladiator)          Turns: 1905, Time: 00:13:24

Health: -2/33      AC:  8    Str: 17    XL:     4   Next: 40%
Magic:  4/4        EV: 10    Int:  9    God:
Gold:   101        SH:  0    Dex: 14    Spells: 3/3 levels left

rFire   . . .      SeeInvis .   a - +0 long sword
rCold   . . .      Faith    .   (no shield)
rNeg    . . .      Spirit   .   m - +0 scale mail
rPois   .          Reflect  .   (helmet restricted)
rElec   .          Harm     .   p - +0 cloak
rCorr   .          Rampage  .   (no gloves)
Will    .....                   q - +0 pair of boots
Stlth   ..........              (no amulet)
HPRegen 0.11/turn               (no ring)
MPRegen 0.09/turn               (no ring)

@: no status effects
A: horns 1, ignite blood 1
a: no special abilities


You were on level 2 of the Dungeon.
You visited 1 branch of the dungeon, and saw 2 of its levels.

You collected 101 gold pieces.

Inventory:

Hand Weapons
 a - a +0 long sword (weapon)
 c - a +0 long sword
Missiles
 d - 3 throwing nets (quivered)
 e - a javelin
Armour
 m - a +0 scale mail (worn)
 p - a +0 cloak (worn)
 q - a +0 pair of boots (worn)
Magical Staves
 r - a staff of death
Scrolls
 b - 2 scrolls of identify {unknown}
 g - a scroll of immolation {unknown}
 i - 2 scrolls of vulnerability {unknown}
 k - a scroll of enchant weapon {unknown}
 l - a scroll of brand weapon {unknown}
 n - 2 scrolls of butterflies {unknown}
Potions
 h - a potion of flight {unknown}
 j - a potion of attraction {unknown}
 o - a potion of berserk rage {unknown}


   Skills:
 * Level 2.2 Fighting
 * Level 4.0 Long Blades
 + Level 1.8 Throwing
 + Level 1.1 Armour
 + Level 3.1 Dodging
 + Level 0.5 Stealth


You had 3 spell levels left.
You didn't know any spells.
Your spell library was empty.

Dungeon Overview and Level Annotations

Branches:
Dungeon (2/15)

Altars:


Innate Abilities, Weirdness & Mutations

You have a pair of small horns on your head.
Your demonic aura sometimes causes spilled blood to erupt in flames.


Message History

The gnoll hits you from afar with a +0 spear.
You hit the adder.
You kill the adder!
The gnoll hits you but does no damage.
You have reached level 4!
You feel stronger.
Your demonic ancestry asserts itself...
Your blood heats up.
Sorry, you're not good enough to have a special ability.
There are monsters nearby!
The gnoll hits you but does no damage.
You slash the gnoll!
The gnoll is severely wounded.
The gnoll hits you with a +0 spear.
You hit the gnoll but do no damage. You headbutt the gnoll.
The gnoll is almost dead.
The gnoll barely misses you.
You slash the gnoll!
You kill the gnoll!
Your Armour skill increases to level 1!
You slash the gnoll!
The gnoll is almost dead.
The gnoll hits you with a +0 flail! The gnoll closely misses you.
You slash the gnoll!
You kill the gnoll!
Your Long Blades skill increases to level 4!
You hit the gnoll but do no damage. The gnoll hits you with a +0 whip.
* * * LOW HITPOINT WARNING * * *
The gnoll hits you but does no damage.
You hit the gnoll.
The gnoll is moderately wounded.
The gnoll barely misses you. The gnoll hits you but does no damage.
You closely miss the gnoll. Your punch misses the gnoll.
The gnoll is moderately wounded.
The gnoll closely misses you. x2
You barely miss the gnoll. You headbutt the gnoll.
The gnoll is heavily wounded.
The gnoll hits you with a +0 whip.
* * * LOW HITPOINT WARNING * * *
The gnoll hits you from afar with a +0 spear.
You die...

######.##.# #.# #.##.# #.#
#.##.# #[# #.##.# #.#
######.##.# #.# .......##.#
#.# #########.# #.#### #
#.# #....# # #.# ####@#
###### #.# #g# .....# #.#
#g######## ####.# #.#
#..†)g...# # #.# #.#
#.###.##.#
####.####.######......#.#
..................#)#..)###
#.##.#..########.##.##....#
#.##.#..# ###..#...#..#.#


You could see 2 gnolls.

Vanquished Creatures
  2 gnolls (D:2)
  2 adders (D:2)
  A worm (D:2)
  A dart slug (D:1)
  An orc (D:2)
  6 ball pythons
  An endoplasm (D:1)
  A giant cockroach (D:1)
  4 goblins
  5 hobgoblins
  6 jackals (D:1)
  9 kobolds
  4 bats
  4 frilled lizards
  3 rats
50 creatures vanquished.

Notes
Turn   | Place    | Note
-------+----------+-------------------------------------------
     0 | D:1      | Gremour the Demonspawn Gladiator began the quest for the
                  | Orb.
     0 | D:1      | Reached XP level 1. HP: 16/16 MP: 1/1
   308 | D:1      | Reached skill level 3 in Long Blades
   397 | D:1      | Gained mutation: You have a pair of small horns on your
                  | head. [demonic ancestry]
   397 | D:1      | Reached XP level 2. HP: 21/22 MP: 2/2
   835 | D:1      | Reached XP level 3. HP: 27/27 MP: 3/3
  1013 | D:1      | You fall into a shaft and drop 1 floor!
  1013 | D:2      | Found a faded altar of an unknown god.
  1892 | D:2      | Gained mutation: Your demonic aura sometimes causes spilled
                  | blood to erupt in flames. [demonic ancestry]
  1892 | D:2      | Reached XP level 4. HP: 22/33 MP: 4/4
  1900 | D:2      | Reached skill level 1 in Armour
  1902 | D:2      | Reached skill level 4 in Long Blades
  1905 | D:2      | Slain by a gnoll

Illustrated notes

Levels and vault maps discovered:
D:1:      beargit_arrival_diablo_church, layout_loops_corners
D:2:      layout_loops_ring, basic_ecumenical_altar, minmay_divided_ellipse

Skill      XL: |  1  2  3  4 |
---------------+-------------+-----
Long Blades    | 3 4 |  4.0
Dodging        | 3 |  3.1
Armour         | 1 |  1.1
Fighting       | |  2.2
Throwing       | |  1.8
Stealth        | |  0.5

Action                   |  1- 3 |  4- 6 || total
-------------------------+-------+-------++-------
Melee: Long sword        |   138 |     9 ||   147
       Punch             |     1 |       ||     1
       Headbutt          |    10 |     2 ||    12
  Use: Potion            |     1 |       ||     1
 Stab: Sleeping          |     1 |       ||     1
Armor: Leather armour    |    20 |       ||    20
       Scale mail        |    31 |     3 ||    34
Dodge: Dodged            |   122 |     5 ||   127
